 Dungeon Crawl Stone Soup version 0.28.0-43-g3370ac3207 (webtiles) character file.

Game seed: 2261425240097479265

23555 CrazyMind the Thrower (level 13, -2/101 HPs)
             Began as a Gnoll Brigand on Mar 17, 2022.
             Was an Initiate of Gozag.
             Slain by a gnoll sergeant
             ... wielding the +8 spear of the Foremost Runes {venom, MP+9}
              (5 damage)
             ... on level 7 of the Dungeon on Mar 19, 2022.
             The game lasted 01:27:02 (15850 turns).

CrazyMind the Thrower (Gnoll Brigand)              Turns: 15850, Time: 01:27:03

Health: -2/101     AC: 23    Str: 21    XL:     13   Next: 7%
Magic:  24/24      EV:  6    Int:  6    God:    Gozag
Gold:   1998       SH:  0    Dex: 24    Spells: 27/27 levels left

rFire   + . .      SeeInvis .   b - +8 spear "Meeggioryp" {drain, Int-5 Dex+4 Stlth+}
rCold   . . .      Faith    .   r - +0 buckler
rNeg    . . .      Spirit   .   g - +4 plate armour {rF+}
rPois   .          Reflect  .   (no helmet)
rElec   .          Harm     .   J - +0 cloak
rCorr   .          Rampage  .   k - +2 pair of gloves
Will    .....                   M - +0 pair of boots
Stlth   ++........              E - amulet of regeneration
HPRegen 1.06/turn               P - +6 ring of strength
MPRegen 0.19/turn               F - +6 ring of dexterity

@: mighty, lethally poisoned (-2 -> -38), about to teleport, gold aura, held,
studying Throwing, invisible
A: fangs 1, strong nose, distributed training
a: Renounce Religion, Potion Petition, Call Merchant, Bribe Branch


You were on level 7 of the Dungeon.
You worshipped Gozag.
Gozag was most pleased with you.
You visited 3 branches of the dungeon, and saw 14 of its levels.
You also visited: Sewer and Volcano.

You collected 2503 gold pieces.
You spent 30 gold pieces at shops.
You paid 475 gold pieces to Gozag.

Inventory:

Hand Weapons
 b - the +8 spear "Meeggioryp" (weapon) {drain, Int-5 Dex+4 Stlth+}
   (You found it on level 7 of the Dungeon)

   A truly terrible weapon, it drains the life of any living foe it strikes.
   Int:       It affects your intelligence (-5).
   Dex:       It affects your dexterity (+4).
   Stlth:     It makes you more stealthy.
 f - a +1 quick blade of flaming
 I - a +3 quarterstaff of chaos
Missiles
 d - 13 poisoned darts
 e - 2 curare-tipped darts
 l - 4 throwing nets
 B - 2 atropa-tipped darts
 C - 9 boomerangs (quivered)
Armour
 g - a +4 plate armour of fire resistance (worn)
 k - a +2 pair of gloves (worn)
 r - a +0 buckler (worn)
 D - a +1 leather armour of willpower
 J - a +0 cloak (worn)
 M - a +0 pair of boots (worn)
Jewellery
 c - a ring of protection from cold
 E - an amulet of regeneration (around neck)
 F - a +6 ring of dexterity (right hand)
 N - a ring of protection from cold
 P - a +6 ring of strength (left hand)
 Q - a ring of see invisible
Wands
 m - a wand of flame (16)
 q - a wand of iceblast (13)
 t - a wand of paralysis (4)
 G - a wand of acid (4)
 T - a wand of polymorph (10)
Scrolls
 a - a scroll of immolation
 h - a scroll of torment {unknown}
 o - a scroll of acquirement {unknown}
 p - a scroll of summoning
 u - a scroll of fog {unknown}
 w - a scroll of fear {unknown}
 x - 2 scrolls of magic mapping
 y - 6 scrolls of teleportation
 L - a scroll of enchant armour {unknown}
 S - a scroll of brand weapon {unknown}
 W - a scroll of enchant weapon {unknown}
 X - a scroll of blinking {unknown}
Potions
 n - a potion of haste
 s - 2 potions of attraction {unknown}
 v - 3 potions of mutation
 z - a potion of invisibility
 H - 3 potions of might
 K - 4 potions of magic
 R - a potion of flight
 Y - a potion of lignification {unknown}


   Skills:
 + Level 9.2 Fighting
 + Level 9.2 Short Blades
 + Level 7.9 Long Blades
 + Level 7.9 Axes
 + Level 7.9 Maces & Flails
 + Level 7.9 Polearms
 + Level 7.9 Staves
 + Level 7.9 Slings
 + Level 7.9 Bows
 + Level 7.9 Crossbows
 + Level 12.0 Throwing
 + Level 7.9 Armour
 + Level 8.4 Dodging
 + Level 11.1 Stealth
 + Level 7.9 Shields
 + Level 7.9 Unarmed Combat
 + Level 7.9 Spellcasting
 + Level 6.6 Conjurations
 + Level 6.6 Hexes
 + Level 6.6 Summonings
 + Level 6.6 Necromancy
 + Level 6.6 Translocations
 + Level 6.6 Transmutations
 + Level 6.6 Fire Magic
 + Level 6.6 Ice Magic
 + Level 6.6 Air Magic
 + Level 6.6 Earth Magic
 + Level 6.6 Poison Magic
 + Level 8.7 Invocations
 + Level 7.9 Evocations


You had 27 spell levels left.
You didn't know any spells.
Your spell library contained the following spells:

 Spells                   Type           Power      Damage    Failure   Level
 Static Discharge         Conj/Air       10%        N/A       45%         2
 Ozocubu's Armour         Ice            10%        N/A       69%         3
 Tukima's Dance           Hex            10%        N/A       69%         3
 Anguish                  Hex/Necr       5%         N/A       97%         4
 Dispel Undead            Necr           10%        3d9       97%         4
 Sticky Flame             Conj/Fire      10%        2d3       97%         4
 Enfeeble                 Hex            5%         N/A       100%        7
 Ozocubu's Refrigeration  Ice            5%         4d6       100%        7


Dungeon Overview and Level Annotations

Branches:
Dungeon (10/15)            Temple (1/1) D:7            Lair (3/6) D:8
  Snake (0/4) Lair:2          Orc (0/2) D:10          Sewer (visited)
Volcano (visited)
  Swamp: Lair:2-4    Shoals: Lair:2-4

Altars:
Ashenzari
Cheibriados
Dithmenos
Elyvilon
Fedhas
Gozag
Hepliaklqana
Kikubaaqudgha
Makhleb
Nemelex Xobeh
Okawaru
Qazlal
Ru
Sif Muna
Trog
Uskayaw
Vehumet
Wu Jian
Xom
Yredelemnul
Zin
The Shining One

Shops:
D:1 ?   D:10 [(

Annotations:
D:7 1 transporter, Grum; Kaptain's ghost, novice GrEE
D:9 exclusion: 2 two-headed ogres
D:10 Erica
Lair:3 1 exclusion, Nergalle


Innate Abilities, Weirdness & Mutations

You have very sharp teeth.
Your uncanny sense of smell can sniff out nearby items.
Your experience applies equally to all skills.


Message History

The gnoll is no longer distracted by gold.
The wolf bites you but does no damage. The wolf completely misses you.
The gnoll sergeant hits you but does no damage.
You are more poisoned.
The gnoll hits you but does no damage. The wolf barely misses you.
Grum hits you from afar with a +1 glaive of venom.
* * * LOW HITPOINT WARNING * * *
You are lethally poisoned!
Your black bear barely misses the gnoll shaman.
Your black bear claws the gnoll shaman.
Your black bear barely misses the gnoll shaman.
The gnoll shaman is distracted by your dazzling golden aura.
Your sky beast misses the gnoll shaman.
Your ice beast hits the gnoll shaman but does no damage.
The gnoll shaman is no longer distracted by gold.
You are mighty.
You are lethally poisoned (26 -> -12).
You are about to teleport.
You are held in a net.
You are studying Throwing.
You are invisible.
Your movement speed is average.
Your attack delay is about 0.7.
Your base attributes are Str 15, Int 11, Dex 14.
Okay, then.
Unknown command.
Unknown command.
Unknown command.
You struggle against the net.
* * * LOW HITPOINT WARNING * * *
You feel extremely sick. The wolf bites you.
* * * LOW HITPOINT WARNING * * *
The wolf bites you but does no damage. The gnoll sergeant barely misses you.
The gnoll closely misses you. The wolf bites you but does no damage.
Grum hits you from afar with a +1 glaive of venom!
* * * LOW HITPOINT WARNING * * *
You are more poisoned.
Your black bear closely misses the gnoll shaman.
Your black bear barely misses the gnoll shaman.
Your black bear claws the gnoll shaman but does no damage.
The gnoll sergeant hits you from afar with the +8 spear of the Foremost Runes {venom, MP+9}.
You die...
Your body crumbles into a pile of gold.

#..≈≈##.###g###.##≈≈..#
#..≈≈#....gghg...#≈≈..#
#..≈≈###.##'##.###≈≈..#
#..≈≈..#.#$$$#.#..≈≈..#######
##..≈≈.##g#?.$#.##.≈≈.))).....
##...≈≈.#g.#(:W#.g#.≈≈.##.#####
#....≈≈.##.#####.##.≈≈.##.#.###
#.##.....#g#8g8#Y#..≈≈.##......
#.##....©#.ggh@gY#©.≈≈.........
#.##.....#.#ghW#h#..≈≈.#.#.....
#.##.≈≈.##.##g##.##.≈≈....)....
#.##.≈≈.#gg#...#:©#.≈≈..######.
#.##.≈≈.##.'...'.##.≈≈..# #.
#.##.≈≈..#.#...#.#..≈≈..# ##
#....≈≈###.##'##.###≈≈..#
#.##.≈≈#...........#≈≈..#
#.##.≈≈##.###.###.##≈≈..#


You could see Grum, 2 gnoll sergeants, 2 wolves, a gnoll shaman (drained, ally
target), Kaptain's ghost, 3 gnolls, a friendly black bear (summoned), a friendly
ice beast (summoned) and a friendly sky beast (summoned).

Vanquished Creatures
  A boulder beetle (D:10)
  A two-headed ogre (D:7)
  Pikel (D:5)
  An ugly thing (D:10)
  3 salamanders (Volcano)
  6 elephants
  3 black mambas
  4 cane toads
  A rime drake (Lair:1)
  2 komodo dragons
  2 trolls
  2 hornets
  A slime creature (D:7)
  Grinder (D:5)
  5 blink frogs (Lair:2)
  Prince Ribbit (D:6)
  A shadow (D:10)
  20 yaks
  A wyvern (D:7)
  2 humans (D:7)
  3 steam dragons
  2 acid dragons
  6 water moccasins
  3 hell hounds
  A hornet zombie (D:7)
  Pargi (D:3)
  5 orc warriors
  An ice beast (D:6)
  3 sky beasts
  3 black bears
  12 wolves
  3 centaurs
  A phantom (D:6)
  2 lemures
  3 gnoll sergeants
  5 bullfrogs
  A wyvern zombie (D:5)
  A water moccasin zombie (D:6)
  3 scorpions
  A water moccasin skeleton (D:6)
  17 killer bees
  9 wights
  A howler monkey (D:4)
  3 centaur zombies
  3 orc priests (D:9)
  Crazy Yiuf (D:4)
  2 centaur skeletons
  2 jellies
  2 bullfrog skeletons
  2 gnoll shamans
  An iguana (D:6)
  13 orc wizards
  4 howler monkey zombies (D:8)
  A howler monkey skeleton (D:5)
  15 gnolls
  A river rat (D:4)
  11 adders
  A shadow imp (D:7)
  A white imp (D:6)
  An ufetubus (D:4)
  6 worms
  4 dart slugs
  34 orcs
  8 bats
  10 endoplasms
  4 giant cockroaches
  11 goblins
  5 hobgoblins
  4 jackals
  5 quokkas
  7 ball pythons
  12 frilled lizards
  5 kobolds
  6 rats
331 creatures vanquished.

Vanquished Creatures (collateral kills)
  A two-headed ogre (Volcano)
  2 hell hogs (Volcano)
  A salamander (Volcano)
  A hell hound (Volcano)
5 creatures vanquished.

Vanquished Creatures (others)
  A gnoll (D:7)
  9 fungi
  13 plants
23 creatures vanquished.

Grand Total: 359 creatures vanquished

Notes
Turn   | Place    | Note
-------+----------+-------------------------------------------
     0 | D:1      | CrazyMind the Gnoll Brigand began the quest for the Orb.
     0 | D:1      | Reached XP level 1. HP: 20/20 MP: 1/1
   148 | D:1      | Reached XP level 2. HP: 24/26 MP: 2/2
   480 | D:1      | Reached XP level 3. HP: 29/31 MP: 3/3
   679 | D:1      | Found a faded altar of an unknown god.
   735 | D:1      | Found Pimalimn's Magic Scroll Shoppe.
   792 | D:1      | Bought a scroll of teleportation for 30 gold pieces
   966 | D:2      | Reached skill level 1 in Invocations
  1133 | D:2      | Reached skill level 1 in Long Blades
  1133 | D:2      | Reached skill level 1 in Axes
  1133 | D:2      | Reached skill level 1 in Maces & Flails
  1133 | D:2      | Reached skill level 1 in Polearms
  1133 | D:2      | Reached skill level 1 in Staves
  1133 | D:2      | Reached skill level 1 in Slings
  1133 | D:2      | Reached skill level 1 in Bows
  1133 | D:2      | Reached skill level 1 in Crossbows
  1133 | D:2      | Reached skill level 1 in Armour
  1133 | D:2      | Reached skill level 1 in Shields
  1133 | D:2      | Reached skill level 1 in Unarmed Combat
  1133 | D:2      | Reached skill level 1 in Spellcasting
  1133 | D:2      | Reached skill level 1 in Evocations
  1374 | D:2      | Found a broken altar of Ashenzari.
  1550 | D:2      | Reached XP level 4. HP: 38/38 MP: 5/5
  2125 | D:3      | Reached skill level 1 in Conjurations
  2125 | D:3      | Reached skill level 1 in Hexes
  2125 | D:3      | Reached skill level 1 in Summonings
  2125 | D:3      | Reached skill level 1 in Necromancy
  2125 | D:3      | Reached skill level 1 in Translocations
  2125 | D:3      | Reached skill level 1 in Transmutations
  2125 | D:3      | Reached skill level 1 in Fire Magic
  2125 | D:3      | Reached skill level 1 in Ice Magic
  2125 | D:3      | Reached skill level 1 in Air Magic
  2125 | D:3      | Reached skill level 1 in Earth Magic
  2125 | D:3      | Reached skill level 1 in Poison Magic
  2475 | D:3      | Noticed Pargi
  2561 | D:3      | Reached XP level 5. HP: 34/43 MP: 5/7
  2678 | D:3      | Found a bloodstained altar of Trog.
  2784 | D:3      | Found a broken altar of Ashenzari.
  3121 | D:4      | Reached skill level 5 in Throwing
  3348 | D:4      | Reached XP level 6. HP: 31/50 MP: 8/8
  3385 | D:4      | HP: 2/75 [orc/+0 mace (4)]
  3453 | D:3      | Reached skill level 5 in Fighting
  3453 | D:3      | Reached skill level 5 in Short Blades
  3519 | D:4      | Found a glowing drain.
  3524 | Sewer    | Entered a sewer
  3947 | Sewer    | Noticed a water moccasin
  4026 | Sewer    | Killed a water moccasin
  4027 | Sewer    | Reached XP level 7. HP: 56/56 MP: 10/10
  4139 | D:3      | Found an ornate altar of the Wu Jian Council.
  4700 | D:4      | Found a shadowy altar of Dithmenos.
  4755 | D:4      | Reached skill level 6 in Throwing
  5073 | D:4      | Found a sacrificial altar of Ru.
  5075 | D:4      | Found a shimmering blue altar of Sif Muna.
  5075 | D:4      | Found a shimmering altar of Xom.
  5077 | D:4      | Found an iron altar of Okawaru.
  5077 | D:4      | Found a shimmering altar of Xom.
  5077 | D:4      | Found a radiant altar of Vehumet.
  5190 | D:4      | Found a runed translucent door.
  5191 | D:4      | Noticed Crazy Yiuf
  5200 | D:4      | Killed Crazy Yiuf
  5201 | D:4      | Reached XP level 8. HP: 50/63 MP: 12/12
  5331 | D:5      | Entered Level 5 of the Dungeon
  5547 | D:5      | Noticed Grinder
  6026 | D:5      | Noticed Pikel
  6651 | D:6      | Noticed Prince Ribbit
  6701 | D:6      | Reached skill level 7 in Throwing
  6821 | D:6      | Reached XP level 9. HP: 69/69 MP: 14/14
  7471 | D:3      | Killed Pargi
  7544 | D:7      | Identified the +8 spear "Meeggioryp" {drain, Int-5 Dex+4
                  | Stlth+}
  7622 | D:7      | Found a transporter.
  7657 | D:7      | Identified the +8 spear of the Foremost Runes {venom, MP+9}
  7665 | D:7      | Noticed Kaptain's ghost (novice GrEE)
  7734 | D:7      | Found a staircase to the Ecumenical Temple.
  7742 | Temple   | Entered the Ecumenical Temple
  7843 | Temple   | Became a worshipper of Gozag Ym Sagoz the Greedy
  7939 | D:7      | Reached skill level 5 in Dodging
  7943 | D:7      | Noticed a troll
  8003 | D:7      | Killed a troll
  8004 | D:7      | Reached skill level 8 in Throwing
  8004 | D:7      | Reached skill level 5 in Invocations
  8148 | D:7      | Found an iron altar of Okawaru.
  8233 | D:7      | Reached XP level 10. HP: 77/77 MP: 17/17
  8451 | D:7      | Found a transporter.
  8473 | D:7      | Reached skill level 5 in Long Blades
  8473 | D:7      | Reached skill level 5 in Axes
  8473 | D:7      | Reached skill level 5 in Maces & Flails
  8473 | D:7      | Reached skill level 5 in Polearms
  8473 | D:7      | Reached skill level 5 in Staves
  8473 | D:7      | Reached skill level 5 in Slings
  8473 | D:7      | Reached skill level 5 in Bows
  8473 | D:7      | Reached skill level 5 in Crossbows
  8473 | D:7      | Reached skill level 5 in Armour
  8473 | D:7      | Reached skill level 5 in Shields
  8473 | D:7      | Reached skill level 5 in Unarmed Combat
  8473 | D:7      | Reached skill level 5 in Spellcasting
  8473 | D:7      | Reached skill level 5 in Evocations
  8499 | D:7      | Noticed Grum
  8621 | D:8      | Noticed a two-headed ogre
  8651 | D:7      | Killed a two-headed ogre
  8769 | D:8      | Found a staircase to the Lair.
  8837 | D:8      | Reached skill level 9 in Throwing
  9099 | D:8      | Found a stormy altar of Qazlal.
  9158 | D:8      | Found a glowing silver altar of Zin.
  9159 | D:8      | Noticed an angel
  9667 | D:9      | Noticed a two-headed ogre
  9749 | D:9      | Reached XP level 11. HP: 84/84 MP: 19/19
  9801 | D:9      | Found a shimmering blue altar of Sif Muna.
 10189 | D:9      | Noticed a two-headed ogre
 10653 | D:5      | Killed Grinder
 10654 | D:5      | Reached skill level 5 in Conjurations
 10654 | D:5      | Reached skill level 5 in Hexes
 10654 | D:5      | Reached skill level 5 in Summonings
 10654 | D:5      | Reached skill level 5 in Necromancy
 10654 | D:5      | Reached skill level 5 in Translocations
 10654 | D:5      | Reached skill level 5 in Transmutations
 10654 | D:5      | Reached skill level 5 in Fire Magic
 10654 | D:5      | Reached skill level 5 in Ice Magic
 10654 | D:5      | Reached skill level 5 in Air Magic
 10654 | D:5      | Reached skill level 5 in Earth Magic
 10654 | D:5      | Reached skill level 5 in Poison Magic
 10773 | D:5      | Killed Pikel
 10774 | D:5      | Reached skill level 10 in Stealth
 11028 | D:6      | Killed Prince Ribbit
 11170 | D:10     | Entered Level 10 of the Dungeon
 11206 | D:10     | Reached skill level 10 in Throwing
 11318 | D:10     | Found a white marble altar of Elyvilon.
 11321 | D:10     | Noticed a two-headed ogre
 11409 | D:10     | Noticed Erica
 11453 | D:10     | Found a sacrificial altar of Ru.
 11608 | D:10     | Found a radiant altar of Vehumet.
 11728 | D:10     | Found Irelef's Weapon Shoppe.
 11728 | D:10     | Found a staircase to the Orcish Mines.
 11730 | D:10     | Found Fautah's Armour Shoppe.
 11757 | D:10     | Noticed a boulder beetle
 11776 | D:10     | Killed a boulder beetle
 11778 | D:10     | Noticed a red ugly thing
 11786 | D:10     | Killed a red ugly thing
 11965 | D:10     | Noticed a cyclops
 11969 | D:10     | Noticed a death knight
 12058 | Lair:1   | Entered Level 1 of the Lair of Beasts
 12102 | Lair:1   | Found a dark tunnel.
 12142 | Volcano  | Entered a volcano
 12157 | Volcano  | Noticed a two-headed ogre
 12157 | Volcano  | Noticed a salamander
 12157 | Volcano  | Noticed a hell hog
 12157 | Volcano  | Noticed a hell hog
 12157 | Volcano  | Noticed a salamander
 12163 | Volcano  | Killed a hell hog
 12168 | Volcano  | Killed a two-headed ogre
 12172 | Volcano  | Killed a salamander
 12178 | Volcano  | Killed a hell hog
 12179 | Volcano  | Reached XP level 12. HP: 14/94 MP: 22/22
 12294 | Volcano  | Reached skill level 11 in Throwing
 13646 | Lair:2   | Found a staircase to the Snake Pit.
 15283 | Lair:2   | Reached XP level 13. HP: 98/101 MP: 24/24
 15317 | Lair:2   | Reached skill level 12 in Throwing
 15433 | Lair:3   | Noticed Nergalle
 15850 | D:7      | HP: 3/101 [Grum/+1 glaive of venom (7)]
 15850 | D:7      | Slain by a gnoll sergeant

Illustrated notes

Levels and vault maps discovered:
D:1:      psy_arrival_fountain, layout_basic, serial_shops,
          nicolae_shop_statue_plus,
          dreamdust_ecumenical_altar_hidden_monk_grotto,
          nicolae_concentric_dashed_squares_mild
D:2:      layout_loops_corners, serial_glass, glass_columns_a, glass_columns_b,
          glass_columns_a, glass_columns_a, glass_columns_a, glass_columns_c,
          glass_columns_b, glass_columns_a, glass_columns_a, glass_columns_b,
          item_on_display_a, due_unseen_surprise, item_on_display_a,
          minmay_strange_pillars, basic_altar, minmay_tetromino_l4
D:3:      layout_basic, general_overflow_altar, nicolae_ashenzari_panopticon,
          bloody_trog, minmay_distorted, uniq_pargi
D:4:      layout_cave_pools, doesnt_xom_only_xom, lemuel_round_altar,
          lightli_sewer_entry_pipes, minmay_cupped, uniq_crazy_yiuf_cottage
D:5:      layout_basic, uniq_pikel, uniq_grinder
D:6:      kennysheep_steamy, layout_basic, uniq_prince_ribbit1
D:7:      layout_loops_ring, okawaru_humans, temple_fountains,
          gammafunk_ghost_gnarly_gnolls, kb_rosetta
D:8:      layout_rooms, zin_angel, nicolae_qazlal_general_emergency,
          lair_entry_dummy, uniq_grum
D:9:      layout_basic, nicolae_sif_muna_condensation
D:10:     layout_loops_ring, mainiacjoe_overflow_tiny_flanked,
          mainiacjoe_overflow_24_doors, lemuel_crystal_altar, orc_david_3,
          minivault_19, minmay_pinched_square, uniq_erica
Temple:   compressed_dpeg_circular_temple
Lair:1:   layout_regular_city, enter_volcano_3
Lair:2:   layout_roguey, dummy_snake_entry, serial_bayou_shore_b
Lair:3:   layout_chaotic_city, uniq_nergalle

Skill      XL: |  1  2  3  4  5  6  7  8  9 10 11 12 13 |
---------------+----------------------------------------+-----
Invocations    | 1 2 3 4 5 6 7 8 |  8.7
Long Blades    | 1 2 3 4 5 6 7 |  7.9
Axes           | 1 2 3 4 5 6 7 |  7.9
Maces & Flails | 1 2 3 4 5 6 7 |  7.9
Polearms       | 1 2 3 4 5 6 7 |  7.9
Staves         | 1 2 3 4 5 6 7 |  7.9
Slings         | 1 2 3 4 5 6 7 |  7.9
Bows           | 1 2 3 4 5 6 7 |  7.9
Crossbows      | 1 2 3 4 5 6 7 |  7.9
Armour         | 1 2 3 4 5 6 7 |  7.9
Shields        | 1 2 3 4 5 6 7 |  7.9
Unarmed Combat | 1 2 3 4 5 6 7 |  7.9
Spellcasting   | 1 2 3 4 5 6 7 |  7.9
Evocations     | 1 2 3 4 5 6 7 |  7.9
Conjurations   | 1 2 3 4 5 6 |  6.6
Hexes          | 1 2 3 4 5 6 |  6.6
Summonings     | 1 2 3 4 5 6 |  6.6
Necromancy     | 1 2 3 4 5 6 |  6.6
Translocations | 1 2 3 4 5 6 |  6.6
Transmutations | 1 2 3 4 5 6 |  6.6
Fire Magic     | 1 2 3 4 5 6 |  6.6
Ice Magic      | 1 2 3 4 5 6 |  6.6
Air Magic      | 1 2 3 4 5 6 |  6.6
Earth Magic    | 1 2 3 4 5 6 |  6.6
Poison Magic   | 1 2 3 4 5 6 |  6.6
Dodging        | 3 4 5 6 7 8 |  8.4
Throwing       | 5 6 7 8 9 10 11 12 | 12.0
Stealth        | 8 9 10 11 | 11.1
Fighting       | 5 6 7 8 9 |  9.2
Short Blades   | 5 6 7 8 9 |  9.2

Action                   |  1- 3 |  4- 6 |  7- 9 | 10-12 | 13-15 || total
-------------------------+-------+-------+-------+-------+-------++-------
Melee: Dagger            |   127 |   237 |   256 |    13 |       ||   633
       Short sword       |     9 |       |       |       |       ||     9
       Bite              |     9 |    26 |    47 |    84 |     9 ||   175
       Punch             |     2 |     1 |       |       |       ||     3
       Spear             |       |       |    84 |   725 |    39 ||   848
Throw: Dart              |       |     9 |     6 |    12 |       ||    27
       Boomerang         |       |       |     4 |    23 |       ||    27
Invok: Potion Petition   |       |       |       |     1 |       ||     1
Evoke: Wand              |       |     2 |       |     6 |       ||     8
  Use: Potion            |       |     5 |     1 |     5 |     4 ||    15
       Scroll            |       |     1 |     4 |     7 |     2 ||    14
 Stab: Sleeping          |     7 |     3 |    18 |    12 |       ||    40
       Distracted        |       |       |     3 |     5 |       ||     8
       Invisible         |       |       |     1 |       |     1 ||     2
Armor: Robe              |    13 |       |       |       |       ||    13
       Ring mail         |    20 |    71 |    39 |       |       ||   130
       Leather armour    |       |       |    35 |    41 |       ||    76
       Chain mail        |       |       |       |     5 |       ||     5
       Plate armour      |       |       |       |    95 |    45 ||   140
Dodge: Dodged            |    64 |    74 |   184 |   333 |    29 ||   684
Block: Buckler           |       |    32 |    76 |   188 |    20 ||   316
